 Dungeon Crawl Stone Soup version 0.24-a0-498-ge00f04a389 (webtiles) character file.

Game seed: 3437071369240730675

27 KapersCrawl the Magician (level 2, -2/15 HPs)
             Began as a Deep Elf Wizard on July 14, 2019.
             Slain by an orc wizard
             ... wielding a +0 dagger
              (6 damage)
             ... on level 2 of the Dungeon.
             The game lasted 00:03:58 (1144 turns).

KapersCrawl the Magician (Deep Elf Wizard)          Turns: 1144, Time: 00:03:59

Health: -2/15      AC:  2    Str:  4    XL:     2   Next: 93%
Magic:  0/9        EV: 13    Int: 22    God:
Gold:   38         SH:  0    Dex: 13    Spells: 4/9 levels left

rFire    . . .     SeeInvis .   (no weapon)
rCold    . . .     Gourm    .   (no shield)
rNeg     . . .     Faith    .   a - +0 robe
rPois    .         Spirit   .   b - +0 hat
rElec    .         Reflect  .   (no cloak)
rCorr    .         Harm     .   (no gloves)
MR       .....                  (no boots)
Stlth    ++........             (no amulet)
HPRegen  0.05/turn              (no ring)
MPRegen  0.11/turn              (no ring)

@: very slightly contaminated
A: no striking features
a: no special abilities


You were on level 2 of the Dungeon.
You were not hungry.

You visited 1 branch of the dungeon, and saw 2 of its levels.

You collected 38 gold pieces.

Inventory:

Missiles
 e - 58 stones
 h - 5 boomerangs (quivered)
Armour
 a - a +0 robe (worn)
 b - a +0 hat (worn)
Scrolls
 i - a scroll of remove curse {unknown}
 j - a scroll of identify {unknown}
 k - a scroll of immolation {unknown}
Potions
 c - a potion of brilliance {unknown}
 f - a potion of haste {unknown}
Comestibles
 d - a ration
 g - 4 chunks of flesh


   Skills:
 - Level 3.0 Dodging
 + Level 3.2 Stealth
 - Level 4.4 Spellcasting
 + Level 2.0 Conjurations
 + Level 0.9 Hexes
   Level 1.1 Summonings
 - Level 1.1 Translocations


You had 4 spell levels left.
You knew the following spells:

 Your Spells              Type           Power        Failure   Level  Hunger
a - Magic Dart            Conj           ##..         4%          1    None
b - Slow                  Hex            #.......     11%         2    #......
c - Blink                 Tloc           N/A          11%         2    #......

Your spell library contained the following spells:

 Spells                   Type           Power        Failure   Level  Hunger
 Call Imp                 Summ           #.......     11%         2    #......
 Conjure Flame            Conj/Fire      #.......     22%         3    ##.....
 Mephitic Cloud           Conj/Pois/Air  #.......     24%         3    ##.....


Dungeon Overview and Level Annotations

Branches:
Dungeon (2/15)

Altars:
Ru


Message History

Aim: an orc wizard, wielding a +0 dagger and wearing a +0 robe (moderately wounded, mute)
You throw a boomerang. The boomerang hits the orc wizard.
The orc wizard is heavily wounded.
The orc wizard hits you with a +0 dagger.
Throwing (i - inventory. (/) - cycle)
h - 5 boomerangs (quivered)
Press: ? - help, Shift-Dir - straight line, f/p - orc wizard
Aim: an orc wizard, wielding a +0 dagger and wearing a +0 robe (heavily wounded, mute)
You throw a boomerang.
The boomerang barely misses the orc wizard.
The orc wizard hits you with a +0 dagger.
* * * LOW HITPOINT WARNING * * *
Casting: Magic Dart (safe; 4% risk of failure)
Confirm with . or Enter, or press ? or * to list all spells.
Aiming: Magic Dart (safe; 4% risk of failure)
Press: ? - help, Shift-Dir - straight line, f/p - orc wizard
Aim: an orc wizard, wielding a +0 dagger and wearing a +0 robe (heavily wounded, mute)
The magic dart hits the orc wizard.
The orc wizard is severely wounded.
The orc wizard hits you with a +0 dagger.
You die...

#. #.# #
#.#
##.####
#.....#
#..†###
#..#...#
#..#...#
#o##.....
#@#
##._o#
#..#
.g.S.
#....
#...
......#
...
###....+
##....
...##
.###


You could see an orc wizard (mute).

Vanquished Creatures
  2 leopard geckos (D:1)
  4 bats
  A giant cockroach (D:2)
  6 goblins (D:1)
  A hobgoblin (D:2)
  A frilled lizard (D:1)
  4 kobolds
  6 rats (D:1)
25 creatures vanquished.

Notes
Turn   | Place    | Note
-------+----------+-------------------------------------------
     0 | D:1      | KapersCrawl the Deep Elf Wizard began the quest for the
                  | Orb.
     0 | D:1      | Reached XP level 1. HP: 10/10 MP: 7/7
   408 | D:1      | Reached XP level 2. HP: 10/15 MP: 2/9
   574 | D:1      | Learned a level 2 spell: Slow
   577 | D:1      | Learned a level 2 spell: Blink
  1113 | D:2      | Found a sacrificial altar of Ru.
  1144 | D:2      | Slain by an orc wizard

Levels and vault maps discovered:
D:1:      elethiomel_arrival_diamonds, layout_rooms
D:2:      layout_loops_corners, overflow_temple_1_default,
          nicolae_ru_great_annihilating_truth, hangedman_decor_diamond_cutter,
          uniq_terence

Skill      XL: |  1  2 |
---------------+-------+-----
Stealth        | 3 |  3.2
Dodging        | 3 |  3.0
Conjurations   | 2 |  2.0
Spellcasting   | |  4.4
Hexes          | |  0.9
Summonings     | |  1.1
Translocations | |  1.1

Action                   || total
-------------------------++-------
Melee: Unarmed           ||     5
Throw: Stone             ||     3
       Boomerang         ||     4
 Cast: Magic Dart        ||    56
       Blink             ||     1
  Eat: Chunk             ||     1
Armor: Robe              ||    10
Dodge: Dodged            ||    33

Table legend:
 A = Non-vault XP
 B = Vault XP
 C = Vault XP percentage of total XP
 D = Non-vault monster count
 E = Vault monster count
 F = Vault count percentage of total count
                 A         B        C        D         E       F
            +---------+---------+-------+---------+---------+-------
      Total |      29 |      10 |  25.6 |      17 |       8 |  32.0
            +---------+---------+-------+---------+---------+-------
        D:1 |      24 |       8 |  25.0 |      14 |       7 |  33.3
        D:2 |       5 |       2 |  28.6 |       3 |       1 |  25.0
            +---------+---------+-------+---------+---------+-------
